 Dungeon Crawl Stone Soup version 0.17-a0-1798-g879a7aa (webtiles) character file.

515 ololoev the Poker (level 7, 43/55 HPs)
             Began as a Mottled Draconian Skald on Sept 10, 2015.
             Was an Initiate of Nemelex Xobeh.
             Quit the game on level 4 of the Dungeon.
             The game lasted 00:14:31 (4970 turns).

ololoev the Poker (Mottled Draconian Skald)         Turns: 4970, Time: 00:14:32

Health: 43/55      AC:  6    Str: 14    XL:     7   Next: 0%
Magic:  12/12      EV: 12    Int: 13    God:    Nemelex Xobeh [......]
Gold:   110        SH:  0    Dex: 15    Spells: 2 memorised, 9 levels left

rFire  . . .     SeeInvis +     a - +0 spear
rCold  . . .     Clarity  .     (armour unavailable)
rNeg   . . .     SustAt   .     (no shield)
rPois  .         Gourm    .     (helmet restricted)
rElec  .         Spirit   .     (no cloak)
rCorr  .         Warding  .     (no gloves)
rMut   .         Stasis   .     (no boots)
MR     .....                    (no amulet)
Stlth  +.........               y - +3 ring of dexterity
                                k - ring of see invisible

@: short of breath, not resistant to hostile enchantments, very unstealthy
A: breathe sticky flame splash, unfitting armour, cold-blooded, AC +6
a: Breathe Sticky Flame, Renounce Religion


Innate Abilities, Weirdness & Mutations

You can spit globs of burning liquid.
You can ignite nearby creatures when you spit burning liquid.
Your weird mottled scales are hard (AC +6).
Your body does not fit into most forms of armour.
You are cold-blooded and may be slowed by cold attacks.

Inventory:

Hand weapons
 a - a +0 spear (weapon)
 b - a +1 blowgun
Missiles
 m - 7 poisoned needles
Jewellery
 k - a ring of see invisible (left hand)
 y - a +3 ring of dexterity (right hand)
Magical devices
 i - a wand of draining (0)
 v - a wand of flame (45)
Scrolls
 g - a scroll of magic mapping
 j - 3 scrolls of remove curse
 l - 3 scrolls of recharging
Potions
 d - 2 potions of curing
 h - a potion of magic
 o - a potion of lignification {unknown}
 q - a potion of cancellation {unknown}
 r - a potion of agility {unknown}
 z - a potion of might
 A - 3 potions of heal wounds
Books
 u - a book of Battle

   Spells                             Type                      Level
   a - Infusion                       Charms                       1
   b - Shroud of Golubria             Charms/Translocation         2
   c - Song of Slaying                Charms                       2
   d - Spectral Weapon                Hexes/Charms                 3
   e - Regeneration                   Charms/Necromancy            3
Miscellaneous
 e - a plain deck of destruction
 w - a plain deck of wonders {drawn: 4}
Comestibles
 c - 4 bread rations
 f - a meat ration
 n - 3 beef jerkies
 p - a chunk of flesh


   Skills:
 - Level 2.1 Fighting
 + Level 5.4 Polearms
 - Level 1.3 Dodging
 - Level 3.4 Spellcasting
 - Level 2.6 Charms
 + Level 4.0 Evocations


You had 9 spell levels left.
You knew the following spells:

 Your Spells              Type           Power        Failure   Level  Hunger
a - Infusion              Chrm           #.....       10%         1    #......
b - Song of Slaying       Chrm           #.......     12%         2    ##.....


You were on level 4 of the Dungeon.
You worshipped Nemelex Xobeh.
Nemelex Xobeh was noncommittal.
You were not hungry.

You visited 1 branch of the dungeon, and saw 4 of its levels.
You also visited: Sewer.

You collected 126 gold pieces.

....................
.........###...#.##.
.......#.# #...#.##.
#.....##.###.#.#<##.
##...# #............
##'# #####!#######
#o# #.# #)# #.#
##@## #.#
##...#######.#
#............#
##.>.#.#######
##.##.# ..#####.##.#
#..........#
######.#### #.#

Notes
Turn   | Place    | Note
--------------------------------------------------------------
     0 | D:1      | ololoev the Draconian Skald began the quest for the Orb.
     0 | D:1      | Reached XP level 1. HP: 17/17 MP: 3/3
   253 | D:1      | Reached XP level 2. HP: 24/24 MP: 5/5
   259 | D:1      | Learned a level 2 spell: Song of Slaying
   832 | D:2      | Reached XP level 3. HP: 21/29 MP: 1/7
   893 | D:2      | Reached skill level 3 in Polearms
  1705 | D:3      | Reached XP level 4. HP: 34/36 MP: 2/8
  2659 | D:4      | Found a sparkling altar of Nemelex Xobeh.
  2665 | D:4      | Became a worshipper of Nemelex Xobeh the Trickster
  2714 | D:4      | Found a glowing drain.
  2725 | Sewer    | Entered a sewer
  2925 | Sewer    | Reached skill level 4 in Polearms
  3140 | Sewer    | Reached XP level 5. HP: 25/41 MP: 4/10
  3285 | Sewer    | Reached skill level 1 in Evocations
  4056 | Sewer    | Reached XP level 6. HP: 24/48 MP: 5/11
  4324 | Sewer    | Noticed a giant frog
  4324 | Sewer    | Noticed a giant frog
  4325 | Sewer    | Noticed Yvedamp
  4380 | D:4      | Received a gift from Nemelex Xobeh
  4653 | D:4      | Killed a giant frog
  4653 | D:4      | Reached skill level 5 in Polearms
  4662 | D:4      | Killed a giant frog
  4966 | D:4      | Your scales start taking on a weird mottled colour.
  4966 | D:4      | Reached XP level 7. HP: 55/55 MP: 12/12
  4970 | D:4      | Quit the game

Dungeon Overview and Level Annotations

Branches:
Dungeon (4/15)
 Temple: D:4-7

Altars:
Nemelex Xobeh


Message History

No target in view!
You open the door.
There is an open door here.
You open the door.
There is an open door here.
Some of the chunks of flesh in your inventory have rotted away.
Found an escape hatch in the floor. 2 orcs come into view.
The orc moves out of view.
The orc shouts!
You hear a shout!
You hear a shout!
An orc priest comes into view. It is wielding a mace.
You hit the orc but do no damage. The orc misses you.
You hit the orc.
The orc is moderately wounded.
The orc barely misses you.
You hit the orc.
The orc is heavily wounded.
You hit the orc.
The orc is severely wounded.
You hit the orc.
The orc is severely wounded.
You hit the orc.
You kill the orc!
You have reached level 7!
Your scales start taking on a weird mottled colour.
The orc priest calls upon Beogh to heal the orc.
The orc is healed somewhat.
Use which ability?
Press: ? - help, Shift-Dir - straight line, f - orc
Aim: an orc, wielding a hand axe (moderately wounded)
You spit a glob of burning liquid.
The splash of liquid fire misses the orc.
You feel somewhat more hungry. The orc hits you with a hand axe.
The orc priest invokes the aid of Beogh against you.
Something smites you!
You hit the orc.
The orc is almost dead.
You hit the orc.
You kill the orc!
Are you sure you want to abandon this character and quit the game? (Confirm with "yes".)

You could see an orc priest.

Vanquished Creatures
  A big kobold (D:4)
  2 giant frogs (D:4)
  2 orc priests (D:4)
  A hound (D:4)
  A worker ant (D:4)
  A hound skeleton (D:4)
  15 adders
  4 river rats (Sewer)
  A worm (D:3)
  A giant gecko (D:1)
  3 orcs (D:4)
  12 ball pythons (Sewer)
  6 bats
  7 giant cockroaches
  5 hobgoblins
  6 jackals
  8 kobolds
  2 quokkas
  2 giant newts (D:1)
  6 goblins
  29 rats
115 creatures vanquished.

Action                   |  1- 3 |  4- 6 |  7- 9 || total
-------------------------+-------+-------+-------++-------
Melee: Spear             |   154 |   318 |     2 ||   474
 Fire: Blowgun           |       |     6 |       ||     6
 Cast: Infusion          |     3 |    16 |       ||    19
       Song of Slaying   |       |     9 |       ||     9
 Abil: Breathe Sticky Fl |       |       |     1 ||     1
Evoke: Deck              |       |     4 |       ||     4
       Wand              |       |     3 |       ||     3
  Use: Scroll            |     4 |    13 |       ||    17
       Potion            |       |     4 |       ||     4
 Stab: Sleeping          |     2 |     1 |       ||     3
  Eat: Chunk             |     3 |     6 |       ||     9
       Meat ration       |       |     1 |       ||     1

Vault maps used:
D:1:      dpeg_arrival_rooms_with_view, minivault_25, minmay_misc_feat_x,
          st_stairs_7
D:2:      first_bread
D:4:      portal_sewer_entry_d, nemelex_deck
Sewer:    sewer_minmay_w
